Map: [ESL] Tropical Sacrifice

Players

Clem

  • Race: Terran Terran
  • Spawn Location: 1:00

MaxPax - Winner!

  • Race: Protoss Protoss
  • Spawn Location: 7:00

Event: DreamHack SC2 Masters 2022 Atlanta (Online)

VOD

Have the link to the VOD?

Description

Time

  • Played on: Oct. 7, 2022, 10:40 a.m.
  • Length: 15:14

All games in this series

Show
View Real Time Build Order
Export as new Build Order

Clem Terran 

Build Orders:  

Get SALT Encoding   

  12  0:00  SCV  
  13  0:12  SCV  
  14  0:17  Supply Depot  
  14  0:24  SCV  
  15  0:38  SCV  
  15  0:39  Barracks  
  16  0:45  Refinery  
  16  0:51  SCV  
  17  1:02  Barracks  
  17  1:05  SCV  
  18  1:25  Marine  
  19  1:45  Command Center  
  19  1:50  Barracks Tech Lab  
  19  1:54  Barracks Reactor  
  19  2:08  Concussive Shells, Marauder  
  21  2:16  Supply Depot  
  21  2:30  Marine x2  
  23  2:38  Marauder  
  25  2:47  Marine  
  25  2:48  Marine  
  27  2:59  Marauder  
  29  3:05  Marine x2  
  29  3:09  Bunker  
  29  3:20  Orbital Command  
  29  3:25  Marauder  
  30  3:29  Marine  
  31  3:36  Marine  
  32  3:43  Orbital Command  
  32  3:47  SCV  
  31  3:50  Marine  
  31  3:53  Marauder  
  33  3:58  Marine  
  33  4:08  SCV  
  31  4:10  Marine  
  31  4:11  SCV  
  31  4:20  SCV  
  31  4:21  Marine  
  31  4:24  SCV  
  30  4:27  Factory  
  30  4:32  SCV, Marine  
  30  4:36  SCV  
  33  4:40  Bunker, Marine  
  33  4:44  SCV  
  35  4:48  SCV  
  36  4:53  Supply Depot  
  36  4:56  SCV  
  36  4:57  Barracks  
  36  4:59  Marine  
  37  5:00  SCV, Marine  
  37  5:05  Refinery  
  40  5:08  SCV  
  40  5:10  Factory Tech Lab  
  40  5:12  SCV  
  42  5:17  Supply Depot  
  42  5:18  Marine x2  
  42  5:20  SCV  
  45  5:24  SCV  
  45  5:27  Engineering Bay  
  46  5:30  Siege Tank  
  46  5:32  SCV  
  50  5:36  SCV  
  50  5:40  Marine x2  
  53  5:45  SCV, Starport  
  53  5:48  SCV  
  53  5:49  Barracks Tech Lab  
  55  5:50  Supply Depot  
  55  5:54  Terran Infantry Weapons Level 1  
  56  5:57  SCV  
  56  5:58  Marine x2  
  56  6:01  SCV  
  59  6:05  Stimpack  
  59  6:06  Marauder  
  59  6:10  Refinery, SCV  
  62  6:13  Combat Shield  
  62  6:14  SCV  
  62  6:18  Supply Depot  
  63  6:22  SCV, Marine x2  
  63  6:24  Starport Reactor  
  66  6:26  SCV  
  66  6:28  Marauder  
  69  6:34  Supply Depot  
  69  6:36  Refinery  
  69  6:39  SCV x2, Marauder  
  73  6:41  Marine x2  
  73  6:46  Supply Depot  
  75  6:51  SCV, Marauder  
  78  6:56  SCV  
  78  6:57  Supply Depot  
  78  6:59  Marine x2  
  78  7:00  Medivac  
  83  7:02  Medivac  
  85  7:08  Supply Depot  
  85  7:10  Marauder  
  85  7:13  Marauder  
  89  7:18  Marine x2  
  91  7:26  Factory Reactor  
  91  7:29  Command Center  
  87  7:36  Supply Depot, Marauder x2  
  90  7:41  Supply Depot  
  89  7:47  Barracks, Marine  
  89  7:48  Barracks, Marine  
  91  7:51  Terran Infantry Armor Level 1  
  91  7:52  SCV  
  91  7:53  SCV  
  93  7:59  Marauder  
  93  8:01  Marauder  
  94  8:06  SCV  
  94  8:09  Widow Mine  
  94  8:11  Widow Mine  
  94  8:12  Marine  
  98  8:14  Marine  
  98  8:18  Medivac  
  101  8:20  Marauder  
  101  8:22  Marauder  
  101  8:23  Medivac  
  102  8:27  SCV x2  
  102  8:31  Marine  
  94  8:36  Widow Mine x2  
  90  8:41  Barracks Reactor, Barracks Tech Lab, Marauder  
  90  8:42  Marine  
  90  8:43  Marauder  
  85  8:50  Marine  
  76  8:55  Medivac x2  
  83  8:59  SCV x2, Marine  
  90  9:03  Marauder  
  90  9:05  Marauder, Orbital Command  
  92  9:11  SCV x2, Marine  
  92  9:13  Widow Mine  
  92  9:14  Widow Mine  
  101  9:17  Marauder  
  101  9:20  Marine x2  
  101  9:22  Marine  
  101  9:23  SCV  
  105  9:24  SCV  
  105  9:28  Marauder  
  105  9:30  Marauder  
  110  9:35  SCV x2  
  110  9:38  Widow Mine x2, Marauder  
  118  9:39  Marine  
  118  9:40  SCV  
  118  9:43  Marine x3  
  122  9:47  SCV  
  122  9:48  Marine  
  122  9:51  Marauder  
  122  9:52  Supply Depot, SCV x2  
  129  10:00  Widow Mine x2, Marauder  
  129  10:01  Ghost Academy  
  129  10:02  Marine x3  
  134  10:10  Supply Depot, Bunker  
  134  10:11  Supply Depot  
  134  10:13  Marine x2  
  134  10:18  Marauder  
  134  10:21  SCV, Marauder  
  134  10:22  SCV  
  134  10:26  Widow Mine x2  
  134  10:27  Marine x2  
  135  10:30  Marine  
  135  10:31  Marauder, Marine  
  140  10:39  Viking  
  140  10:41  Viking  
  143  10:45  Marauder  
  143  10:46  Marauder  
  146  10:50  Widow Mine  
  146  10:51  Widow Mine, Marine  
  146  10:55  Supply Depot, Marine  
  146  10:56  SCV x2  
  152  10:59  Marine  
  152  11:01  Marauder  
  152  11:03  SCV  
  148  11:08  SCV  
  148  11:09  SCV  
  150  11:15  Widow Mine x2  
  150  11:16  Marine  
  150  11:17  Marine  
  146  11:21  Medivac, Marauder  
  146  11:23  Medivac  
  142  11:29  Marine x2  
  142  11:30  Marine  
  142  11:31  Marauder  
  129  11:35  Marine x2  
  129  11:36  Widow Mine  
  135  11:42  Marauder  
  135  11:45  Command Center  
  137  11:47  SCV, Marine  
  137  11:48  SCV, Marauder  
  137  11:52  SCV, Marine  
  137  11:53  Marine  
  145  11:59  SCV, Marine  
  145  12:00  Supply Depot  
  145  12:03  Marauder  
  145  12:04  Widow Mine x2  
  145  12:06  Marine  
  141  12:09  Marauder  
  141  12:13  Medivac x2  
  141  12:15  Marine  
  141  12:16  Marine  
  141  12:22  Marauder  
  140  12:23  SCV  
  140  12:24  Marine  
  140  12:25  Marauder  
  143  12:30  Refinery  
  143  12:31  Refinery, Marauder  
  143  12:32  Engineering Bay, Armory  
  145  12:38  Factory Tech Lab  
  145  12:39  SCV x3, Marine x3  
  145  12:43  Marauder  
  153  12:46  Marauder  
  153  12:49  Medivac x2  
  157  12:54  Ghost Academy  
  157  12:57  Supply Depot  
  157  12:58  Marauder  
  159  12:59  Marine x2  
  159  13:05  Marauder  
  149  13:07  Marine x2  
  149  13:08  Marauder  
  149  13:10  SCV x2  
  144  13:17  Siege Tank  
  144  13:18  Marine x2  
  141  13:20  Marauder  
  141  13:26  Marauder  
  142  13:29  Marauder, Marine x2  
  142  13:32  Medivac  
  140  13:36  Medivac  
  140  13:38  Marine x2  
  133  13:41  Marauder  
  133  13:42  SCV  
  133  13:43  SCV  
  133  13:48  Marine  
  134  13:49  Siege Tank  
  134  13:52  Planetary Fortress  
  135  14:00  SCV x2  
  135  14:01  SCV  
  140  14:09  Viking  
  142  14:12  SCV  
  142  14:13  Viking  
  142  14:14  SCV x2  
  145  14:18  Marauder  
  145  14:19  Marauder x2  
  147  14:25  Marine x2  
  147  14:26  SCV  
  147  14:27  SCV x2  
  147  14:28  Marine  
  149  14:33  Marine  
  149  14:35  Siege Tank  
  150  14:39  Marine  
  150  14:40  Marauder x2  
  149  14:46  Marine  
  149  14:47  Marine  
Show
View Real Time Build Order
Export as new Build Order

MaxPax Protoss - Winner!

Build Orders: 1 Gate Expand 

Get SALT Encoding   

  12  0:00  Probe  
  13  0:12  Probe  
  14  0:19  Pylon  
  14  0:24  Probe (Chrono Boost)  
  15  0:37  Gateway, Probe (Chrono Boost)  
  16  0:45  Probe (Chrono Boost)  
  16  0:46  Assimilator  
  17  0:52  Probe  
  18  1:04  Probe  
  19  1:16  Probe  
  20  1:23  Cybernetics Core  
  20  1:34  Nexus  
  20  1:36  Probe  
  21  1:44  Pylon  
  21  1:48  Probe  
  21  1:50  Assimilator  
  22  1:59  Adept (Chrono Boost)  
  22  2:00  Probe  
  23  2:04  Warp Gate  
  25  2:12  Probe  
  26  2:19  Adept (Chrono Boost)  
  28  2:25  Probe  
  28  2:29  Twilight Council  
  30  2:38  Probe (Chrono Boost)  
  30  2:43  Gateway  
  30  2:46  Probe (Chrono Boost)  
  32  2:55  Probe x2 (Chrono Boost)  
  33  3:00  Probe (Chrono Boost)  
  33  3:01  Probe  
  35  3:12  Stalker (Chrono Boost)  
  38  3:13  Shield Battery  
  38  3:15  Pylon  
  34  3:23  Probe  
  32  3:30  Shield Battery  
  29  3:35  Probe  
  24  3:52  Stalker  
  24  3:53  Probe x2  
  27  3:57  Stalker  
  29  4:05  Probe x2  
  27  4:18  Probe (Chrono Boost)  
  27  4:19  Probe (Chrono Boost)  
  29  4:31  Probe (Chrono Boost)  
  29  4:34  Probe (Chrono Boost)  
  29  4:37  Sentry, Probe (Chrono Boost)  
  32  4:41  Probe  
  32  4:44  Blink (Chrono Boost)  
  33  4:45  Probe  
  33  4:47  Phoenix  
  34  4:52  Stalker  
  34  4:54  Probe  
  34  4:58  Probe  
  38  5:01  Stalker  
  38  5:06  Probe  
  41  5:10  Probe  
  42  5:17  Stalker  
  42  5:18  Probe (Chrono Boost)  
  45  5:26  Probe (Chrono Boost)  
  46  5:30  Probe (Chrono Boost)  
  46  5:33  Nexus  
  46  5:35  Stalker  
  50  5:36  Probe (Chrono Boost)  
  50  5:38  Probe (Chrono Boost)  
  51  5:46  Probe, Pylon  
  51  5:48  Probe  
  53  5:58  Probe  
  53  5:59  Forge  
  53  6:02  Robotics Facility  
  53  6:04  Probe, Pylon  
  54  6:08  Stalker x2  
  54  6:10  Probe  
  60  6:16  Probe  
  61  6:22  Probe  
  61  6:23  Gateway  
  62  6:27  Gateway  
  62  6:30  Probe (Chrono Boost)  
  62  6:31  Charge (Chrono Boost)  
  63  6:33  Pylon  
  63  6:34  Probe (Chrono Boost)  
  64  6:40  Stalker  
  64  6:45  Probe (Chrono Boost)  
  64  6:47  Probe x2 (Chrono Boost)  
  69  6:49  Protoss Ground Weapons Level 1  
  72  6:54  Probe x2 (Chrono Boost)  
  72  6:56  Probe (Chrono Boost)  
  72  6:57  Gateway  
  72  7:00  Probe, Gateway  
  72  7:01  Probe  
  73  7:03  Observer (Chrono Boost)  
  73  7:05  Shield Battery, Probe  
  76  7:10  Pylon  
  76  7:12  Probe  
  76  7:13  Probe  
  76  7:15  Gateway  
  78  7:16  Gateway  
  78  7:21  Gateway  
  78  7:25  Probe  
  77  7:33  Gateway, Probe x2  
  77  7:34  Zealot x3  
  77  7:35  Zealot  
  87  7:44  Pylon  
  87  7:48  Shield Battery  
  87  7:50  Pylon  
  87  7:53  Sentry  
  87  7:55  Zealot x3  
  87  7:56  Zealot  
  95  8:13  Zealot x3  
  95  8:15  Zealot x3  
  95  8:18  Zealot x3  
  109  8:27  Nexus  
  97  8:42  Pylon  
  93  8:54  Nexus  
  81  8:57  Warp Prism (Chrono Boost)  
  79  9:04  Zealot x6  
  79  9:05  Zealot x4  
  98  9:11  Robotics Bay  
  98  9:12  Probe x2  
  100  9:18  Pylon  
  100  9:22  Shield Battery  
  100  9:25  Stalker  
  100  9:30  Pylon  
  102  9:33  Pylon  
  102  9:37  Protoss Ground Armor Level 1 (Chrono Boost)  
  102  9:40  Observer (Chrono Boost)  
  102  9:42  Zealot x3  
  102  9:43  Zealot  
  111  9:48  Zealot x2  
  111  9:51  Probe  
  111  9:52  Probe  
  117  10:01  Colossus (Chrono Boost)  
  117  10:06  Zealot x3  
  129  10:09  Sentry  
  129  10:10  Zealot  
  129  10:18  Zealot x4  
  131  10:24  Probe  
  128  10:29  Probe  
  128  10:30  Probe  
  128  10:36  Probe  
  128  10:37  Extended Thermal Lance  
  128  10:39  Forge  
  128  10:40  Assimilator  
  128  10:41  Probe, Assimilator  
  136  10:43  Observer  
  136  10:47  Colossus (Chrono Boost)  
  136  10:50  Photon Cannon  
  136  10:51  Shield Battery  
  118  11:09  Stalker x4  
  124  11:11  Zealot x5  
  124  11:12  Nexus  
  124  11:13  Pylon  
  124  11:17  Zealot  
  119  11:19  Observer  
  105  11:30  Probe  
  106  11:33  Zealot x9  
  106  11:37  Probe x2  
  106  11:39  Protoss Ground Weapons Level 2 (Chrono Boost)  
  126  11:46  Colossus  
  122  11:48  Zealot  
  122  11:50  Shield Battery  
  122  11:53  Zealot x4  
  138  11:58  Observer  
  138  12:04  Observer  
  128  12:09  Zealot x4  
  128  12:13  Zealot x3  
  128  12:15  Protoss Ground Armor Level 2 (Chrono Boost)  
  130  12:18  Zealot x3  
  134  12:23  Probe x3  
  134  12:24  Probe  
  130  12:32  Zealot x4  
  130  12:35  Probe  
  139  12:40  Dark Shrine, Observer (Chrono Boost)  
  139  12:42  Shield Battery, Photon Cannon, Probe x2  
  141  12:49  Stalker x4  
  149  12:58  Warp Prism (Chrono Boost)  
  147  13:10  Zealot x6  
  146  13:22  Zealot x4  
  146  13:26  Observer (Chrono Boost)  
  150  13:30  Stalker x4  
  150  13:31  Stalker x2  
  146  13:45  Photon Cannon  
  134  13:48  Probe x2  
  134  13:50  Zealot x2  
  134  13:51  Zealot x2  
  142  14:04  Zealot x6, Pylon  
  142  14:07  Disruptor, Pylon  
  157  14:14  Probe  
  157  14:16  Zealot x4  
  166  14:27  Zealot x6  
  155  14:53  Zealot x9  
  155  14:54  Zealot  
Tags
 
Add a new tag
Caveats
  • Supply blocks, unpowered buildings, or Contaminate may cause inaccurate times.
  • Supply counts are checked every 10 seconds.